[ AOE2 MATCH · #474831130 ]
Team RMMalay vs Aztecs
[ REPLAY ANALYSIS · EXTRACTED FROM THE RECORDED GAME ]
Feudal
11:39
Castle
23:02
Imperial
—
| APM avg | 26.3 |
| APM peak | 60 |
| eAPM avg | 14.3 |
| Villagers / military | 103 / 15 |
Focus
⚔️ 10.2% · 🌾 89.8%
Spearman ×5 · Scout Cavalry ×4 · Knight ×2 · Battering Ram ×2 · Militia ×1 · Mangonel ×1
Feudal
9:52
Castle
23:19
Imperial
—
| APM avg | 27.4 |
| APM peak | 75 |
| eAPM avg | 11.8 |
| Villagers / military | 75 / 29 |
Focus
⚔️ 25.5% · 🌾 74.5%
Camel Scout ×8 · Scout Cavalry ×8 · Steppe Lancer ×6 · Knight ×4 · Spearman ×2 · Monk ×1
Feudal
9:37
Castle
25:20
Imperial
—
| APM avg | 94.8 |
| APM peak | 136 |
| eAPM avg | 35.3 |
| Villagers / military | 80 / 54 |
Focus
⚔️ 23.3% · 🌾 76.7%
Archer ×48 · Skirmisher ×4 · Spearman ×2
Feudal
—
Castle
—
Imperial
—
| APM avg | 17.1 |
| APM peak | 46 |
| eAPM avg | 10.6 |
| Villagers / military | 50 / 23 |
Focus
⚔️ 23.1% · 🌾 76.9%
Knight ×12 · Woad Raider ×6 · Battering Ram ×3 · Mangonel ×2
Feudal
10:36
Castle
23:52
Imperial
—
| APM avg | 26.9 |
| APM peak | 71 |
| eAPM avg | 14.0 |
| Villagers / military | 64 / 16 |
Focus
⚔️ 32.5% · 🌾 67.5%
Scout Cavalry ×15 · Mangonel ×1
Feudal
—
Castle
—
Imperial
—
| APM avg | 93.2 |
| APM peak | 154 |
| eAPM avg | 55.8 |
| Villagers / military | 101 / 62 |
Focus
⚔️ 68.1% · 🌾 31.9%
Knight ×46 · Scout Cavalry ×10 · Spearman ×6
Feudal
10:55
Castle
23:44
Imperial
—
| APM avg | 32.9 |
| APM peak | 70 |
| eAPM avg | 12.9 |
| Villagers / military | 54 / 33 |
Focus
⚔️ 22.7% · 🌾 77.3%
Skirmisher ×15 · Spearman ×8 · Chu Ko Nu ×7 · Fire Lancer ×2 · Archer ×1
Feudal
—
Castle
—
Imperial
—
| APM avg | 41.7 |
| APM peak | 83 |
| eAPM avg | 22.0 |
| Villagers / military | 77 / 119 |
Focus
⚔️ 44.1% · 🌾 55.9%
Archer ×119
Match map
Initial resources + every placement click. Lines = walls · curves = elevation contours. ◆ gold · ⬟ stone · ● berries · ✦ relic · ◌ wall gap
Your base· ✓ Closed at 23:02 · 56t walls · no gate
XGFC's base· Open — unwalled flank
VIOLENTO#TEAM_AGE's base· Open — 5t gap
YOUKO63's base· ✓ Closed at 16:21 · 43t walls · 2 gate(s)
dogus.isik's base· Open — 10t gap
Saturno 1343's base· ✓ Closed at 19:35 · 38t walls · no gate
叽里咕噜说啥呢's base· Open — unwalled flank
birri tilin's base· ✓ Closed at 20:32 · 26t walls · no gate
Smoothed initial terrain · ◌ = detected wall gap · hover for details
Inputs per minute
— DreamDealer - - XGFC
Build order — DreamDealer
First 150 of 214 actions detected
| 0:02 | Create | Villager (Male) |
| 0:04 | Create | Villager (Male) |
| 0:04 | Create | Villager (Male) |
| 0:15 | Create | Villager (Male) |
| 0:34 | Build | House |
| 0:35 | Build | House |
| 0:38 | Build | House |
| 1:53 | Create | Villager (Male) |
| 2:05 | Build | Lumber Camp |
| 2:36 | Create | Villager (Male) |
| 2:54 | Create | Villager (Male) |
| 3:54 | Create | Villager (Male) |
| 3:55 | Create | Villager (Male) |
| 3:55 | Create | Villager (Male) |
| 4:45 | Create | Villager (Male) |
| 4:51 | Build | Mill |
| 5:05 | Create | Villager (Male) |
| 5:37 | Create | Villager (Male) |
| 5:54 | Create | Villager (Male) |
| 6:09 | Build | Lumber Camp |
| 6:24 | Create | Villager (Male) |
| 6:42 | Create | Villager (Male) |
| 7:19 | Build | Mining Camp |
| 7:20 | Create | Villager (Male) |
| 7:29 | Build | House |
| 7:54 | Create | Villager (Male) |
| 7:54 | Create | Villager (Male) |
| 7:54 | Create | Villager (Male) |
| 8:24 | Create | Villager (Male) |
| 8:50 | Create | Villager (Male) |
| 9:15 | Create | Villager (Male) |
| 9:44 | Research | Loom |
| 10:06 | Build | Palisade Wall |
| 10:08 | Build | Palisade Wall |
| 10:21 | Research | Feudal Age |
| 10:21 | Research | Feudal Age |
| 10:29 | Build | Palisade Wall |
| 11:00 | Build | Palisade Wall |
| 11:10 | Create | Villager (Male) |
| 11:10 | Create | Villager (Male) |
| 11:39 | Age | Feudal Age |
| 11:43 | Create | Villager (Male) |
| 12:04 | Build | Barracks |
| 12:11 | Build | House |
| 12:16 | Build | House |
| 12:20 | Build | House |
| 12:26 | Research | Wheelbarrow |
| 12:26 | Create | Villager (Male) |
| 12:43 | Research | Double-Bit Axe |
| 12:43 | Research | Double-Bit Axe |
| 12:47 | Build | Archery Range |
| 12:54 | Build | Archery Range |
| 13:05 | Build | Stable |
| 13:36 | Build | House |
| 13:43 | Create | Scout Cavalry |
| 13:59 | Research | Horse Collar |
| 14:14 | Build | Farm |
| 14:27 | Create | Scout Cavalry |
| 14:53 | Build | Farm |
| 14:56 | Build | Farm |
| 14:57 | Build | Farm |
| 15:05 | Build | Farm |
| 15:06 | Build | Farm |
| 15:07 | Build | Farm |
| 15:13 | Create | Villager (Male) |
| 15:13 | Create | Villager (Male) |
| 15:47 | Create | Villager (Male) |
| 15:55 | Create | Scout Cavalry |
| 16:07 | Build | Palisade Wall |
| 16:11 | Build | Palisade Wall |
| 16:17 | Create | Villager (Male) |
| 16:53 | Create | Villager (Male) |
| 17:03 | Build | Farm |
| 17:04 | Build | Farm |
| 17:09 | Build | Farm |
| 17:12 | Build | Farm |
| 17:12 | Build | Farm |
| 17:15 | Create | Villager (Male) |
| 17:21 | Build | Farm |
| 17:22 | Create | Villager (Male) |
| 17:30 | Create | Scout Cavalry |
| 18:29 | Create | Villager (Male) |
| 18:30 | Create | Villager (Male) |
| 20:00 | Research | Man-at-Arms (upgrade) |
| 20:08 | Create | Villager (Male) |
| 20:40 | Build | Farm |
| 20:41 | Build | Farm |
| 20:52 | Build | Blacksmith |
| 20:57 | Build | House |
| 21:06 | Build | Mining Camp |
| 21:26 | Research | Castle Age |
| 21:27 | Research | Castle Age |
| 21:33 | Build | Market |
| 21:52 | Create | Villager (Male) |
| 23:02 | Age | Castle Age |
| 23:09 | Build | Town Center |
| 23:18 | Build | Town Center |
| 23:30 | Research | Hand Cart |
| 23:32 | Create | Villager (Male) |
| 23:32 | Create | Villager (Male) |
| 24:04 | Create | Villager (Male) |
| 24:05 | Create | Villager (Male) |
| 24:07 | Create | Villager (Male) |
| 24:08 | Create | Villager (Male) |
| 24:08 | Create | Villager (Male) |
| 24:12 | Build | Farm |
| 24:13 | Build | Farm |
| 24:15 | Build | Farm |
| 24:16 | Build | Farm |
| 24:20 | Research | Long Swordsman (upgrade) |
| 24:24 | Build | Farm |
| 24:25 | Build | Farm |
| 24:27 | Build | Farm |
| 24:30 | Research | Heavy Plow |
| 24:45 | Create | Militia |
| 24:57 | Build | Siege Workshop |
| 25:27 | Build | Gate |
| 25:30 | Create | Villager (Male) |
| 25:36 | Create | Villager (Male) |
| 25:37 | Create | Villager (Male) |
| 25:37 | Create | Villager (Male) |
| 25:37 | Create | Villager (Male) |
| 25:39 | Create | Villager (Male) |
| 25:39 | Create | Villager (Male) |
| 25:40 | Create | Villager (Male) |
| 25:45 | Build | Farm |
| 25:46 | Build | Farm |
| 25:47 | Build | Farm |
| 25:49 | Build | Farm |
| 25:49 | Build | Farm |
| 25:51 | Build | Farm |
| 25:53 | Build | Farm |
| 25:54 | Create | Villager (Male) |
| 25:55 | Create | Villager (Male) |
| 26:00 | Build | Farm |
| 26:01 | Build | Farm |
| 26:02 | Create | Villager (Male) |
| 26:05 | Build | Farm |
| 26:09 | Build | Farm |
| 26:20 | Create | Villager (Male) |
| 26:21 | Create | Villager (Male) |
| 26:23 | Create | Battering Ram |
| 26:33 | Build | University |
| 26:51 | Research | Stone Mining |
| 26:52 | Create | Villager (Male) |
| 27:04 | Create | Knight |
| 27:04 | Create | Knight |
| 27:05 | Research | Husbandry |
| 27:07 | Create | Battering Ram |
| 27:23 | Research | Pikeman (upgrade) |
Build order — XGFC
First 150 of 180 actions detected
| 0:02 | Create | Villager (Male) |
| 0:02 | Create | Villager (Male) |
| 0:03 | Create | Villager (Male) |
| 0:03 | Create | Villager (Male) |
| 0:05 | Build | House |
| 0:37 | Build | House |
| 1:26 | Build | House |
| 1:29 | Build | House |
| 1:32 | Create | Villager (Male) |
| 2:02 | Create | Villager (Male) |
| 2:41 | Create | Villager (Male) |
| 2:42 | Create | Villager (Male) |
| 2:48 | Build | Lumber Camp |
| 3:07 | Create | Villager (Male) |
| 3:07 | Create | Villager (Male) |
| 3:08 | Create | Villager (Male) |
| 3:38 | Create | Villager (Male) |
| 3:38 | Create | Villager (Male) |
| 4:09 | Create | Villager (Male) |
| 4:09 | Create | Villager (Male) |
| 4:40 | Create | Villager (Male) |
| 4:41 | Create | Villager (Male) |
| 4:41 | Create | Villager (Male) |
| 5:04 | Build | Mill |
| 5:25 | Create | Villager (Male) |
| 5:25 | Create | Villager (Male) |
| 5:25 | Create | Villager (Male) |
| 5:25 | Create | Villager (Male) |
| 7:10 | Research | Loom |
| 7:33 | Research | Feudal Age |
| 8:10 | Build | Barracks |
| 8:55 | Build | House |
| 8:57 | Build | House |
| 9:32 | Build | Palisade Gate |
| 9:52 | Create | Villager (Male) |
| 9:52 | Age | Feudal Age |
| 10:00 | Build | Stable |
| 10:04 | Research | Double-Bit Axe |
| 10:06 | Create | Villager (Male) |
| 10:26 | Build | Town Center |
| 10:45 | Create | Scout Cavalry |
| 10:46 | Create | Scout Cavalry |
| 10:46 | Create | Scout Cavalry |
| 10:48 | Create | Villager (Male) |
| 10:59 | Create | Villager (Male) |
| 11:16 | Create | Villager (Male) |
| 11:20 | Create | Scout Cavalry |
| 11:24 | Research | Horse Collar |
| 11:56 | Create | Villager (Male) |
| 12:01 | Build | Farm |
| 12:02 | Build | Farm |
| 12:04 | Build | Farm |
| 12:33 | Create | Villager (Male) |
| 12:34 | Create | Villager (Male) |
| 12:58 | Create | Villager (Male) |
| 13:04 | Build | Farm |
| 13:05 | Build | Farm |
| 13:06 | Build | Farm |
| 13:07 | Build | Farm |
| 13:12 | Create | Villager (Male) |
| 13:15 | Create | Villager (Male) |
| 13:15 | Create | Villager (Male) |
| 13:38 | Build | Farm |
| 13:39 | Build | Farm |
| 13:40 | Build | Farm |
| 13:50 | Create | Villager (Male) |
| 14:14 | Create | Villager (Male) |
| 14:15 | Create | Villager (Male) |
| 14:29 | Create | Villager (Male) |
| 14:30 | Create | Villager (Male) |
| 14:41 | Build | Farm |
| 14:42 | Build | Farm |
| 14:52 | Build | House |
| 14:55 | Build | House |
| 15:00 | Build | Blacksmith |
| 15:05 | Build | House |
| 15:36 | Create | Villager (Male) |
| 15:36 | Create | Villager (Male) |
| 15:37 | Create | Villager (Male) |
| 15:38 | Create | Villager (Male) |
| 16:10 | Create | Villager (Male) |
| 16:20 | Build | Farm |
| 16:20 | Build | Farm |
| 16:21 | Build | Farm |
| 16:21 | Build | Farm |
| 16:21 | Build | Farm |
| 16:22 | Build | Farm |
| 16:23 | Build | Farm |
| 16:35 | Research | Wheelbarrow |
| 16:52 | Build | Farm |
| 16:55 | Build | Farm |
| 16:59 | Create | Villager (Male) |
| 17:07 | Build | House |
| 17:13 | Create | Villager (Male) |
| 17:24 | Build | Lumber Camp |
| 18:24 | Create | Spearman |
| 18:24 | Create | Spearman |
| 19:24 | Research | Town Watch |
| 19:26 | Create | Villager (Male) |
| 19:41 | Build | Market |
| 19:44 | Build | House |
| 19:59 | Create | Villager (Male) |
| 20:03 | Build | Farm |
| 20:06 | Build | Farm |
| 20:07 | Build | Farm |
| 20:09 | Build | Farm |
| 20:11 | Create | Villager (Male) |
| 20:13 | Create | Villager (Male) |
| 20:36 | Research | Castle Age |
| 21:07 | Build | Stable |
| 21:12 | Research | Scale Barding Armor |
| 21:18 | Research | Bloodlines |
| 21:26 | Build | Farm |
| 21:36 | Create | Scout Cavalry |
| 21:36 | Create | Scout Cavalry |
| 21:46 | Build | House |
| 21:54 | Build | House |
| 22:03 | Build | House |
| 22:11 | Create | Scout Cavalry |
| 22:12 | Create | Scout Cavalry |
| 22:17 | Research | Forging |
| 23:02 | Create | Villager (Male) |
| 23:02 | Create | Villager (Male) |
| 23:19 | Age | Castle Age |
| 23:21 | Create | Steppe Lancer |
| 23:21 | Create | Steppe Lancer |
| 23:39 | Build | Monastery |
| 23:44 | Create | Villager (Male) |
| 23:45 | Create | Villager (Male) |
| 23:56 | Build | Town Center |
| 23:58 | Create | Villager (Male) |
| 24:08 | Create | Steppe Lancer |
| 24:09 | Create | Steppe Lancer |
| 24:19 | Create | Monk |
| 24:30 | Create | Villager (Male) |
| 24:31 | Create | Villager (Male) |
| 24:47 | Create | Villager (Male) |
| 25:02 | Research | Chain Barding Armor |
| 25:18 | Create | Villager (Male) |
| 25:29 | Build | Farm |
| 25:29 | Build | Farm |
| 25:29 | Build | Farm |
| 25:30 | Build | Farm |
| 25:31 | Build | Farm |
| 25:31 | Build | Farm |
| 25:57 | Create | Steppe Lancer |
| 25:57 | Create | Steppe Lancer |
| 26:28 | Create | Villager (Male) |
| 26:28 | Create | Villager (Male) |
| 26:29 | Create | Villager (Male) |
Build order — VIOLENTO#TEAM_AGE
First 150 of 235 actions detected
| 0:01 | Create | Villager (Male) |
| 0:02 | Create | Villager (Male) |
| 0:02 | Create | Villager (Male) |
| 0:02 | Create | Villager (Male) |
| 0:03 | Build | House |
| 0:05 | Build | House |
| 1:42 | Create | Villager (Male) |
| 1:43 | Create | Villager (Male) |
| 1:49 | Build | Lumber Camp |
| 2:18 | Create | Villager (Male) |
| 2:19 | Create | Villager (Male) |
| 2:49 | Create | Villager (Male) |
| 2:49 | Create | Villager (Male) |
| 2:49 | Create | Villager (Male) |
| 3:22 | Build | House |
| 3:38 | Create | Villager (Male) |
| 3:38 | Create | Villager (Male) |
| 4:26 | Create | Villager (Male) |
| 4:33 | Create | Villager (Male) |
| 4:40 | Create | Villager (Male) |
| 5:27 | Build | Mining Camp |
| 5:44 | Create | Villager (Male) |
| 5:58 | Research | Loom |
| 7:27 | Research | Feudal Age |
| 7:27 | Research | Feudal Age |
| 7:39 | Create | Villager (Male) |
| 7:57 | Create | Villager (Male) |
| 8:34 | Create | Villager (Male) |
| 8:46 | Build | Barracks |
| 8:49 | Create | Villager (Male) |
| 9:29 | Build | House |
| 9:37 | Age | Feudal Age |
| 9:39 | Build | Archery Range |
| 9:48 | Build | House |
| 10:04 | Build | House |
| 10:07 | Build | Mill |
| 10:12 | Build | Mill |
| 10:20 | Build | Outpost |
| 10:28 | Create | Villager (Male) |
| 10:32 | Create | Archer |
| 10:32 | Create | Archer |
| 10:32 | Create | Archer |
| 10:41 | Build | Palisade Gate |
| 10:46 | Create | Villager (Male) |
| 10:53 | Create | Archer |
| 10:59 | Build | Palisade Gate |
| 11:24 | Create | Villager (Male) |
| 11:25 | Create | Archer |
| 11:25 | Create | Archer |
| 11:29 | Build | Farm |
| 11:32 | Build | Farm |
| 11:36 | Build | Farm |
| 11:37 | Create | Villager (Male) |
| 11:43 | Create | Archer |
| 11:43 | Create | Archer |
| 11:51 | Build | Farm |
| 12:05 | Research | Double-Bit Axe |
| 12:05 | Research | Double-Bit Axe |
| 12:06 | Create | Villager (Male) |
| 12:18 | Create | Spearman |
| 12:30 | Create | Villager (Male) |
| 12:53 | Create | Archer |
| 12:53 | Create | Archer |
| 13:01 | Create | Villager (Male) |
| 13:08 | Create | Villager (Male) |
| 13:13 | Build | Lumber Camp |
| 13:56 | Create | Villager (Male) |
| 13:59 | Create | Archer |
| 14:05 | Create | Villager (Male) |
| 14:09 | Build | House |
| 14:25 | Create | Villager (Male) |
| 14:32 | Build | Blacksmith |
| 14:35 | Build | House |
| 14:36 | Build | House |
| 14:37 | Create | Villager (Male) |
| 15:09 | Create | Villager (Male) |
| 15:11 | Create | Archer |
| 15:12 | Create | Archer |
| 15:21 | Build | House |
| 15:35 | Build | Palisade Wall |
| 15:46 | Build | Palisade Wall |
| 15:58 | Create | Villager (Male) |
| 15:59 | Research | Fletching |
| 15:59 | Research | Fletching |
| 16:18 | Create | Villager (Male) |
| 16:20 | Create | Archer |
| 16:53 | Create | Villager (Male) |
| 16:58 | Build | Farm |
| 17:03 | Build | Farm |
| 17:21 | Create | Villager (Male) |
| 17:27 | Build | House |
| 17:30 | Build | Palisade Wall |
| 17:36 | Build | Palisade Wall |
| 17:37 | Create | Villager (Male) |
| 17:39 | Build | Farm |
| 17:41 | Create | Archer |
| 17:42 | Create | Archer |
| 18:15 | Create | Skirmisher |
| 18:16 | Create | Skirmisher |
| 18:17 | Create | Spearman |
| 18:18 | Create | Villager (Male) |
| 18:19 | Build | Farm |
| 18:24 | Build | Farm |
| 18:25 | Create | Villager (Male) |
| 18:30 | Create | Skirmisher |
| 18:42 | Build | House |
| 18:45 | Build | House |
| 18:49 | Build | Farm |
| 18:49 | Build | Farm |
| 18:54 | Build | Lumber Camp |
| 19:00 | Build | Palisade Gate |
| 19:03 | Build | Palisade Wall |
| 19:05 | Create | Villager (Male) |
| 19:06 | Build | Farm |
| 19:26 | Create | Villager (Male) |
| 19:28 | Build | Farm |
| 20:35 | Create | Villager (Male) |
| 20:38 | Build | Farm |
| 20:39 | Build | Farm |
| 20:40 | Create | Villager (Male) |
| 20:41 | Create | Villager (Male) |
| 20:46 | Build | Market |
| 21:04 | Build | Farm |
| 21:06 | Build | Farm |
| 21:13 | Create | Archer |
| 21:13 | Create | Archer |
| 21:14 | Create | Archer |
| 21:28 | Build | Farm |
| 21:33 | Build | House |
| 21:45 | Create | Villager (Male) |
| 21:56 | Create | Villager (Male) |
| 21:59 | Create | Archer |
| 22:17 | Create | Villager (Male) |
| 22:29 | Research | Castle Age |
| 22:30 | Research | Castle Age |
| 22:50 | Create | Villager (Male) |
| 23:13 | Create | Villager (Male) |
| 24:11 | Create | Villager (Male) |
| 24:20 | Build | Mining Camp |
| 24:23 | Create | Archer |
| 24:24 | Create | Archer |
| 24:54 | Create | Skirmisher |
| 24:57 | Create | Villager (Male) |
| 25:04 | Build | House |
| 25:06 | Build | House |
| 25:08 | Build | House |
| 25:20 | Age | Castle Age |
| 25:21 | Research | Crossbowman (upgrade) |
| 25:22 | Research | Crossbowman (upgrade) |
| 25:23 | Research | Bodkin Arrow |
Build order — YOUKO63
110 actions detected in the replay
| 0:03 | Build | House |
| 0:04 | Build | House |
| 0:06 | Create | Villager (Male) ×4 |
| 1:50 | Create | Villager (Male) |
| 2:23 | Build | Lumber Camp |
| 2:28 | Create | Villager (Male) |
| 2:28 | Create | Villager (Male) |
| 2:32 | Create | Villager (Male) |
| 2:34 | Research | Loom |
| 3:43 | Create | Villager (Male) ×4 |
| 3:55 | Create | Villager (Male) |
| 4:32 | Create | Villager (Male) |
| 4:32 | Create | Villager (Male) |
| 5:05 | Create | Villager (Male) |
| 5:33 | Build | House |
| 5:37 | Build | Mill |
| 5:42 | Create | Villager (Male) |
| 5:42 | Create | Villager (Male) |
| 6:03 | Create | Villager (Male) |
| 6:18 | Create | Villager (Male) |
| 7:21 | Create | Villager (Male) ×4 |
| 7:48 | Build | Mining Camp |
| 8:14 | Build | House |
| 8:34 | Build | House |
| 8:39 | Create | Villager (Male) ×5 |
| 9:22 | Build | House |
| 9:31 | Build | Palisade Wall |
| 9:39 | Build | Mill |
| 11:01 | Research | Feudal Age |
| 11:23 | Build | Lumber Camp |
| 11:45 | Build | House |
| 11:54 | Build | Palisade Wall |
| 12:06 | Build | House |
| 12:07 | Build | Palisade Wall |
| 12:13 | Build | Palisade Gate |
| 12:19 | Build | Barracks |
| 12:27 | Build | House |
| 12:43 | Build | Palisade Wall |
| 12:46 | Build | Palisade Wall |
| 12:47 | Build | Palisade Wall |
| 12:48 | Build | Palisade Wall |
| 12:55 | Build | House |
| 13:01 | Build | Palisade Wall |
| 13:14 | Build | Palisade Gate |
| 13:18 | Build | Palisade Wall |
| 13:21 | Build | Palisade Wall |
| 13:53 | Build | Farm |
| 13:58 | Build | Farm |
| 13:58 | Build | Farm |
| 13:59 | Build | Farm |
| 14:23 | Build | Lumber Camp |
| 14:41 | Build | Mining Camp |
| 15:22 | Build | Market |
| 15:31 | Build | Blacksmith |
| 16:08 | Research | Double-Bit Axe |
| 16:15 | Research | Horse Collar |
| 16:21 | Research | Castle Age |
| 16:21 | Research | Castle Age |
| 16:30 | Research | Stone Mining |
| 16:58 | Build | Stable |
| 17:00 | Build | House |
| 17:01 | Build | House |
| 18:07 | Research | Gold Mining |
| 18:30 | Create | Villager (Male) |
| 18:30 | Create | Villager (Male) |
| 19:58 | Build | Castle |
| 20:04 | Create | Knight |
| 20:04 | Create | Knight |
| 20:04 | Create | Knight |
| 20:07 | Create | Knight |
| 20:34 | Build | Town Center |
| 20:39 | Create | Villager (Male) ×2 |
| 20:39 | Create | Villager (Male) ×2 |
| 21:17 | Build | Castle |
| 21:42 | Build | Castle |
| 22:28 | Build | Siege Workshop |
| 22:31 | Build | Siege Workshop |
| 22:35 | Build | Stable |
| 22:35 | Build | Stable |
| 22:41 | Build | Mining Camp |
| 22:47 | Create | Villager (Male) ×3 |
| 22:47 | Create | Villager (Male) ×3 |
| 23:17 | Create | Battering Ram |
| 23:20 | Create | Battering Ram |
| 23:35 | Create | Battering Ram |
| 23:55 | Create | Villager (Male) ×2 |
| 23:55 | Create | Villager (Male) ×2 |
| 24:00 | Build | Farm |
| 24:07 | Build | Farm |
| 24:07 | Build | Farm |
| 24:20 | Research | Bow Saw |
| 25:11 | Create | Woad Raider |
| 25:11 | Create | Woad Raider |
| 25:20 | Build | Farm |
| 26:14 | Create | Woad Raider ×2 |
| 26:14 | Create | Woad Raider ×2 |
| 27:03 | Create | Knight ×2 |
| 27:59 | Create | Knight ×2 |
| 28:00 | Create | Knight ×2 |
| 28:27 | Create | Mangonel |
| 28:27 | Create | Mangonel |
| 28:49 | Create | Knight ×2 |
| 30:33 | Research | Imperial Age |
| 30:40 | Build | Farm |
| 30:41 | Build | Farm |
| 30:41 | Build | Farm |
| 31:17 | Research | Husbandry |
| 31:53 | Build | Farm |
| 31:57 | Create | Villager (Male) ×2 |
| 31:58 | Create | Villager (Male) ×3 |
Build order — dogus.isik
104 actions detected in the replay
| 0:02 | Create | Villager (Male) ×4 |
| 0:05 | Build | House |
| 0:08 | Build | House |
| 1:41 | Create | Villager (Male) |
| 1:56 | Build | Lumber Camp |
| 2:00 | Create | Villager (Male) |
| 2:35 | Create | Villager (Male) |
| 3:01 | Create | Villager (Male) |
| 3:02 | Create | Villager (Male) |
| 3:02 | Create | Villager (Male) ×2 |
| 3:02 | Create | Villager (Male) |
| 3:51 | Create | Villager (Male) |
| 3:59 | Build | House |
| 4:10 | Create | Villager (Male) |
| 4:42 | Create | Villager (Male) ×3 |
| 5:30 | Build | Mill |
| 5:43 | Create | Villager (Male) ×3 |
| 7:21 | Create | Villager (Male) |
| 7:21 | Create | Villager (Male) |
| 7:50 | Research | Loom |
| 7:51 | Create | Villager (Male) |
| 7:58 | Build | House |
| 8:01 | Build | Palisade Wall |
| 8:26 | Research | Feudal Age |
| 8:26 | Research | Feudal Age |
| 8:26 | Research | Feudal Age |
| 8:26 | Research | Feudal Age |
| 8:41 | Build | Barracks |
| 8:57 | Create | Villager (Male) |
| 9:40 | Build | House |
| 10:36 | Age | Feudal Age |
| 10:44 | Create | Villager (Male) |
| 10:51 | Build | Stable |
| 10:58 | Build | Mill |
| 11:01 | Research | Horse Collar |
| 11:04 | Research | Double-Bit Axe |
| 11:32 | Build | Farm |
| 11:33 | Build | Farm |
| 11:36 | Create | Scout Cavalry ×4 |
| 11:38 | Build | House |
| 11:49 | Create | Villager (Male) ×5 |
| 11:50 | Create | Villager (Male) ×5 |
| 11:50 | Create | Villager (Male) ×5 |
| 11:58 | Create | Scout Cavalry |
| 12:18 | Build | Farm |
| 12:21 | Build | Farm |
| 12:22 | Build | Farm |
| 12:27 | Create | Scout Cavalry ×2 |
| 12:45 | Build | Farm |
| 12:58 | Create | Villager (Male) ×2 |
| 13:10 | Build | Mining Camp |
| 13:16 | Build | Farm |
| 13:18 | Create | Villager (Male) ×3 |
| 13:34 | Create | Scout Cavalry |
| 14:08 | Create | Scout Cavalry ×2 |
| 14:32 | Build | House |
| 15:08 | Build | Farm |
| 15:12 | Build | Farm |
| 15:12 | Build | Farm |
| 15:13 | Build | Farm |
| 15:13 | Build | Farm |
| 15:14 | Build | Farm |
| 15:14 | Build | Farm |
| 15:34 | Create | Villager (Male) ×2 |
| 15:55 | Create | Villager (Male) ×2 |
| 17:02 | Build | Farm |
| 17:02 | Build | Farm |
| 17:02 | Build | Farm |
| 17:02 | Build | Farm |
| 17:06 | Create | Villager (Male) ×5 |
| 17:20 | Research | Bloodlines |
| 17:32 | Create | Scout Cavalry |
| 18:23 | Build | Blacksmith |
| 18:32 | Build | Stable |
| 18:34 | Create | Villager (Male) |
| 18:34 | Create | Villager (Male) |
| 18:39 | Build | House |
| 18:51 | Build | Palisade Wall |
| 19:13 | Build | Watch Tower |
| 19:26 | Build | House |
| 19:28 | Build | Palisade Wall |
| 19:48 | Build | Market |
| 20:00 | Build | Palisade Wall |
| 20:33 | Research | Bloodlines |
| 21:03 | Build | Stable |
| 21:12 | Research | Castle Age |
| 21:25 | Create | Scout Cavalry ×4 |
| 21:30 | Build | House |
| 21:45 | Build | House |
| 22:58 | Build | Farm |
| 22:58 | Build | Farm |
| 23:08 | Create | Villager (Male) |
| 23:09 | Create | Villager (Male) |
| 23:16 | Build | House |
| 23:52 | Age | Castle Age |
| 23:55 | Build | Town Center |
| 24:41 | Create | Villager (Male) |
| 24:41 | Create | Villager (Male) |
| 25:13 | Build | University |
| 25:32 | Build | Town Center |
| 26:18 | Build | Siege Workshop |
| 26:48 | Create | Mangonel |
| 28:22 | Create | Villager (Male) ×4 |
| 28:27 | Build | House |
Build order — Saturno 1343
First 150 of 293 actions detected
| 0:01 | Create | Villager (Male) |
| 0:01 | Create | Villager (Male) |
| 0:02 | Build | House |
| 0:05 | Build | House |
| 0:08 | Create | Villager (Male) |
| 0:08 | Create | Villager (Male) |
| 1:23 | Create | Villager (Male) |
| 1:39 | Create | Villager (Male) |
| 2:03 | Create | Villager (Male) |
| 2:04 | Build | Lumber Camp |
| 2:38 | Create | Villager (Male) |
| 3:01 | Create | Villager (Male) |
| 3:37 | Create | Villager (Male) |
| 3:37 | Create | Villager (Male) |
| 3:50 | Build | House |
| 3:51 | Build | House |
| 4:09 | Create | Villager (Male) |
| 4:11 | Create | Villager (Male) |
| 4:37 | Create | Villager (Male) |
| 4:48 | Create | Villager (Male) |
| 4:53 | Create | Villager (Male) |
| 4:53 | Create | Villager (Male) |
| 4:56 | Build | Palisade Wall |
| 4:57 | Build | Palisade Wall |
| 5:51 | Build | Mill |
| 6:05 | Create | Villager (Male) |
| 6:15 | Research | Loom |
| 6:15 | Research | Loom |
| 7:13 | Research | Feudal Age |
| 7:13 | Research | Feudal Age |
| 7:15 | Create | Villager (Male) |
| 8:29 | Create | Villager (Male) |
| 8:41 | Build | Barracks |
| 8:57 | Create | Villager (Male) |
| 9:27 | Build | Stable |
| 9:27 | Research | Double-Bit Axe |
| 9:29 | Create | Villager (Male) |
| 9:54 | Build | House |
| 9:56 | Create | Villager (Male) |
| 10:08 | Create | Scout Cavalry |
| 10:09 | Create | Scout Cavalry |
| 10:12 | Create | Villager (Male) |
| 10:18 | Build | Mill |
| 10:22 | Create | Villager (Male) |
| 10:32 | Create | Villager (Male) |
| 10:34 | Build | Farm |
| 10:40 | Create | Scout Cavalry |
| 10:40 | Create | Scout Cavalry |
| 10:50 | Build | Farm |
| 10:50 | Create | Villager (Male) |
| 11:00 | Build | House |
| 11:06 | Create | Scout Cavalry |
| 11:28 | Build | Farm |
| 11:31 | Create | Villager (Male) |
| 11:50 | Create | Villager (Male) |
| 11:56 | Create | Scout Cavalry |
| 11:56 | Create | Scout Cavalry |
| 12:00 | Build | Farm |
| 12:04 | Build | Farm |
| 12:04 | Create | Villager (Male) |
| 12:06 | Build | Farm |
| 12:08 | Build | Farm |
| 12:10 | Build | Farm |
| 12:16 | Research | Horse Collar |
| 12:16 | Research | Horse Collar |
| 12:32 | Build | Farm |
| 12:32 | Create | Villager (Male) |
| 12:38 | Build | House |
| 12:48 | Create | Scout Cavalry |
| 12:51 | Build | House |
| 12:52 | Build | Palisade Wall |
| 12:53 | Create | Villager (Male) |
| 12:55 | Build | House |
| 12:56 | Build | Palisade Wall |
| 13:27 | Create | Scout Cavalry |
| 13:32 | Create | Villager (Male) |
| 13:34 | Build | Farm |
| 13:35 | Build | Farm |
| 13:51 | Create | Villager (Male) |
| 13:53 | Create | Villager (Male) |
| 13:57 | Build | House |
| 13:58 | Build | Palisade Wall |
| 14:01 | Build | House |
| 14:03 | Build | Palisade Wall |
| 14:09 | Create | Spearman |
| 14:12 | Build | Farm |
| 14:12 | Build | Farm |
| 14:17 | Build | Palisade Wall |
| 14:19 | Build | Palisade Wall |
| 14:23 | Build | House |
| 14:27 | Create | Spearman |
| 14:40 | Create | Villager (Male) |
| 14:44 | Create | Spearman |
| 15:00 | Create | Spearman |
| 15:04 | Build | Palisade Wall |
| 15:06 | Build | Palisade Wall |
| 15:11 | Create | Spearman |
| 15:15 | Build | House |
| 15:20 | Build | Palisade Wall |
| 15:32 | Create | Spearman |
| 15:35 | Build | Farm |
| 15:38 | Create | Villager (Male) |
| 15:40 | Build | Lumber Camp |
| 15:46 | Create | Villager (Male) |
| 15:58 | Create | Villager (Male) |
| 16:01 | Build | House |
| 16:06 | Create | Villager (Male) |
| 16:11 | Create | Villager (Male) |
| 16:18 | Build | House |
| 16:20 | Build | Palisade Wall |
| 16:24 | Build | Palisade Wall |
| 16:24 | Build | Palisade Wall |
| 16:49 | Create | Villager (Male) |
| 16:52 | Build | Farm |
| 17:02 | Create | Villager (Male) |
| 17:09 | Create | Villager (Male) |
| 17:11 | Build | Farm |
| 17:18 | Create | Villager (Male) |
| 17:20 | Build | Farm |
| 17:20 | Create | Villager (Male) |
| 17:27 | Build | Mining Camp |
| 17:37 | Create | Villager (Male) |
| 17:41 | Build | Blacksmith |
| 17:52 | Create | Villager (Male) |
| 18:02 | Build | Farm |
| 18:03 | Build | Farm |
| 18:09 | Create | Villager (Male) |
| 18:10 | Build | House |
| 18:21 | Build | Farm |
| 18:30 | Create | Villager (Male) |
| 19:01 | Create | Villager (Male) |
| 19:35 | Research | Castle Age |
| 20:11 | Research | Scale Barding Armor |
| 20:11 | Research | Scale Barding Armor |
| 20:33 | Research | Forging |
| 20:38 | Build | Stable |
| 20:42 | Create | Villager (Male) |
| 20:47 | Build | Palisade Wall |
| 20:53 | Build | Market |
| 21:06 | Build | House |
| 21:12 | Research | Gold Mining |
| 21:13 | Research | Gold Mining |
| 21:43 | Build | Farm |
| 22:17 | Build | Farm |
| 22:18 | Build | Farm |
| 22:19 | Create | Knight |
| 22:19 | Create | Knight |
| 22:20 | Research | Chain Barding Armor |
| 22:21 | Research | Chain Barding Armor |
| 22:34 | Build | Town Center |
Build order — 叽里咕噜说啥呢
142 actions detected in the replay
| 0:06 | Build | House |
| 0:07 | Build | House |
| 0:26 | Research | Loom |
| 0:53 | Create | Villager (Male) |
| 1:29 | Create | Villager (Male) |
| 1:29 | Create | Villager (Male) |
| 2:21 | Create | Villager (Male) |
| 2:21 | Create | Villager (Male) |
| 2:33 | Build | Lumber Camp |
| 2:43 | Create | Villager (Male) |
| 2:44 | Create | Villager (Male) |
| 3:03 | Create | Villager (Male) |
| 3:36 | Create | Villager (Male) |
| 3:37 | Create | Villager (Male) |
| 3:53 | Create | Villager (Male) |
| 4:05 | Create | Villager (Male) |
| 4:40 | Create | Villager (Male) |
| 5:00 | Create | Villager (Male) |
| 5:20 | Build | Mill |
| 5:44 | Create | Villager (Male) |
| 6:15 | Create | Villager (Male) |
| 6:16 | Create | Villager (Male) |
| 6:48 | Create | Villager (Male) |
| 7:06 | Create | Villager (Male) |
| 7:09 | Build | Mill |
| 7:16 | Create | Villager (Male) |
| 7:36 | Build | House |
| 7:45 | Create | Villager (Male) |
| 8:31 | Research | Feudal Age |
| 8:41 | Build | Mining Camp |
| 8:53 | Build | Barracks |
| 9:14 | Build | House |
| 9:52 | Build | Farm |
| 9:57 | Build | Farm |
| 10:08 | Create | Villager (Male) |
| 10:55 | Build | Farm |
| 10:55 | Age | Feudal Age |
| 10:58 | Create | Villager (Male) |
| 11:24 | Create | Villager (Male) |
| 11:31 | Build | Mining Camp |
| 11:32 | Create | Villager (Male) |
| 11:50 | Create | Villager (Male) |
| 11:51 | Create | Villager (Male) |
| 11:59 | Build | Farm |
| 12:29 | Create | Spearman |
| 12:52 | Build | Market |
| 13:20 | Create | Spearman |
| 13:57 | Build | Watch Tower |
| 14:10 | Build | Farm |
| 14:21 | Create | Spearman |
| 14:34 | Build | Archery Range |
| 15:08 | Create | Skirmisher |
| 15:09 | Create | Skirmisher |
| 15:12 | Create | Villager (Male) |
| 15:12 | Create | Villager (Male) |
| 15:25 | Create | Skirmisher |
| 15:27 | Create | Spearman |
| 15:44 | Create | Skirmisher |
| 16:00 | Build | Watch Tower |
| 17:02 | Create | Skirmisher |
| 17:37 | Build | Lumber Camp |
| 17:47 | Build | Mining Camp |
| 18:01 | Create | Skirmisher |
| 18:14 | Create | Skirmisher |
| 18:15 | Create | Villager (Male) |
| 18:16 | Create | Villager (Male) |
| 18:19 | Create | Villager (Male) |
| 18:38 | Create | Spearman |
| 18:45 | Create | Villager (Male) |
| 18:52 | Build | Market |
| 18:59 | Research | Double-Bit Axe |
| 19:30 | Build | Blacksmith |
| 19:40 | Research | Horse Collar |
| 19:41 | Research | Horse Collar |
| 19:41 | Research | Horse Collar |
| 20:19 | Build | Watch Tower |
| 20:33 | Build | Watch Tower |
| 20:37 | Create | Skirmisher |
| 20:45 | Create | Spearman |
| 20:48 | Create | Skirmisher |
| 21:00 | Build | Farm |
| 21:01 | Create | Villager (Male) |
| 21:04 | Research | Castle Age |
| 21:18 | Create | Skirmisher |
| 21:21 | Research | Fletching |
| 21:21 | Research | Fletching |
| 21:21 | Research | Padded Archer Armor |
| 21:22 | Research | Padded Archer Armor |
| 21:27 | Create | Villager (Male) |
| 22:06 | Build | Archery Range |
| 22:09 | Create | Villager (Male) |
| 22:09 | Create | Villager (Male) |
| 22:30 | Build | Farm |
| 22:40 | Build | Farm |
| 22:52 | Create | Spearman |
| 22:53 | Create | Skirmisher |
| 23:08 | Create | Skirmisher |
| 23:14 | Create | Skirmisher |
| 23:44 | Age | Castle Age |
| 24:10 | Create | Skirmisher |
| 24:12 | Create | Skirmisher |
| 24:17 | Create | Villager (Male) |
| 24:17 | Create | Villager (Male) |
| 24:52 | Create | Spearman |
| 24:55 | Create | Fire Lancer |
| 24:57 | Build | Farm |
| 25:12 | Create | Archer |
| 25:24 | Build | Farm |
| 25:46 | Build | Castle |
| 25:58 | Research | Elite Skirmisher (upgrade) |
| 25:59 | Research | Elite Skirmisher (upgrade) |
| 26:03 | Create | Fire Lancer |
| 26:07 | Research | Squires |
| 26:07 | Research | Squires |
| 26:14 | Research | Scale Mail Armor |
| 26:14 | Research | Scale Mail Armor |
| 26:22 | Create | Villager (Male) |
| 26:23 | Create | Villager (Male) |
| 26:23 | Create | Villager (Male) |
| 27:25 | Create | Chu Ko Nu |
| 27:25 | Create | Chu Ko Nu |
| 27:35 | Create | Chu Ko Nu |
| 27:40 | Build | House |
| 27:47 | Build | House |
| 27:51 | Create | Villager (Male) |
| 27:51 | Create | Villager (Male) |
| 27:56 | Create | Chu Ko Nu |
| 28:11 | Build | Town Center |
| 28:14 | Create | Villager (Male) |
| 28:14 | Create | Villager (Male) |
| 28:33 | Create | Villager (Male) |
| 28:47 | Create | Villager (Male) |
| 30:08 | Create | Chu Ko Nu |
| 30:09 | Create | Chu Ko Nu |
| 30:14 | Create | Villager (Male) |
| 30:15 | Create | Villager (Male) |
| 30:15 | Create | Villager (Male) |
| 30:37 | Create | Chu Ko Nu |
| 30:42 | Create | Villager (Male) |
| 30:43 | Create | Villager (Male) |
| 30:43 | Create | Villager (Male) |
| 30:55 | Build | Farm |
Build order — birri tilin
First 150 of 279 actions detected
| 0:01 | Create | Villager (Male) |
| 0:01 | Create | Villager (Male) |
| 0:02 | Build | House |
| 0:04 | Build | House |
| 0:11 | Create | Villager (Male) |
| 0:11 | Create | Villager (Male) |
| 1:18 | Create | Villager (Male) |
| 1:18 | Create | Villager (Male) |
| 1:19 | Create | Villager (Male) |
| 1:45 | Build | Lumber Camp |
| 2:04 | Create | Villager (Male) |
| 2:04 | Create | Villager (Male) |
| 2:29 | Create | Villager (Male) |
| 2:29 | Create | Villager (Male) |
| 2:31 | Create | Villager (Male) |
| 2:31 | Create | Villager (Male) |
| 2:31 | Create | Villager (Male) |
| 3:18 | Create | Villager (Male) |
| 3:19 | Create | Villager (Male) |
| 3:19 | Create | Villager (Male) |
| 3:36 | Create | Villager (Male) |
| 3:36 | Create | Villager (Male) |
| 3:43 | Build | House |
| 4:01 | Build | House |
| 4:06 | Create | Villager (Male) |
| 4:07 | Create | Villager (Male) |
| 4:41 | Build | Mill |
| 4:57 | Create | Villager (Male) |
| 5:16 | Create | Villager (Male) |
| 5:31 | Create | Villager (Male) |
| 6:12 | Create | Villager (Male) |
| 6:30 | Create | Villager (Male) |
| 6:40 | Build | Mining Camp |
| 7:02 | Create | Villager (Male) |
| 7:12 | Research | Loom |
| 7:26 | Research | Feudal Age |
| 7:26 | Research | Feudal Age |
| 7:26 | Research | Feudal Age |
| 8:27 | Create | Villager (Male) |
| 8:27 | Create | Villager (Male) |
| 8:49 | Build | Barracks |
| 8:54 | Build | House |
| 9:00 | Build | Barracks |
| 9:02 | Create | Villager (Male) |
| 9:44 | Build | Blacksmith |
| 9:53 | Build | Archery Range |
| 9:57 | Build | Palisade Wall |
| 10:04 | Create | Villager (Male) |
| 10:16 | Research | Double-Bit Axe |
| 10:16 | Research | Double-Bit Axe |
| 10:16 | Research | Double-Bit Axe |
| 10:26 | Build | Palisade Wall |
| 10:27 | Build | Palisade Wall |
| 10:29 | Research | Fletching |
| 10:37 | Create | Archer |
| 10:38 | Create | Archer |
| 10:38 | Create | Archer |
| 10:50 | Build | House |
| 10:51 | Build | House |
| 10:59 | Create | Villager (Male) |
| 11:01 | Create | Archer |
| 11:01 | Create | Archer |
| 11:01 | Create | Archer |
| 11:06 | Build | Palisade Wall |
| 11:08 | Build | Palisade Wall |
| 11:10 | Create | Villager (Male) |
| 11:17 | Create | Archer |
| 11:18 | Create | Archer |
| 11:18 | Create | Archer |
| 11:35 | Build | Mill |
| 11:49 | Build | Palisade Wall |
| 11:56 | Create | Archer |
| 12:10 | Build | House |
| 12:14 | Build | House |
| 12:15 | Build | House |
| 12:18 | Create | Villager (Male) |
| 12:19 | Research | Loom |
| 12:19 | Research | Loom |
| 12:19 | Research | Loom |
| 12:22 | Create | Archer |
| 12:39 | Build | Palisade Wall |
| 12:47 | Create | Villager (Male) |
| 13:01 | Create | Villager (Male) |
| 13:23 | Create | Archer |
| 13:23 | Create | Archer |
| 13:23 | Create | Archer |
| 13:28 | Build | Archery Range |
| 14:07 | Create | Villager (Male) |
| 14:08 | Create | Villager (Male) |
| 14:11 | Create | Archer |
| 14:11 | Create | Archer |
| 14:43 | Create | Villager (Male) |
| 14:45 | Create | Archer |
| 14:46 | Create | Archer |
| 14:46 | Create | Archer |
| 14:46 | Create | Archer |
| 14:48 | Create | Villager (Male) |
| 14:53 | Build | Palisade Wall |
| 14:59 | Build | House |
| 15:02 | Build | House |
| 15:04 | Build | House |
| 15:09 | Research | Horse Collar |
| 15:09 | Research | Horse Collar |
| 15:13 | Build | Farm |
| 15:14 | Build | Farm |
| 15:14 | Build | Farm |
| 15:14 | Build | Farm |
| 15:14 | Build | Farm |
| 15:15 | Build | Farm |
| 15:15 | Build | Farm |
| 15:15 | Build | Farm |
| 15:15 | Build | Farm |
| 15:16 | Build | Farm |
| 15:16 | Build | Farm |
| 15:16 | Build | Farm |
| 15:16 | Build | Farm |
| 15:17 | Build | Farm |
| 15:17 | Build | Farm |
| 15:17 | Build | Farm |
| 15:23 | Create | Archer |
| 15:23 | Create | Archer |
| 15:43 | Create | Villager (Male) |
| 15:44 | Build | Farm |
| 15:45 | Build | Farm |
| 15:45 | Build | Farm |
| 15:45 | Build | Farm |
| 15:49 | Create | Archer |
| 16:12 | Build | House |
| 16:14 | Build | House |
| 16:14 | Create | Villager (Male) |
| 16:41 | Create | Villager (Male) |
| 16:41 | Create | Villager (Male) |
| 17:00 | Create | Villager (Male) |
| 17:06 | Create | Archer |
| 17:06 | Create | Archer |
| 17:06 | Create | Archer |
| 17:11 | Build | House |
| 17:12 | Create | Villager (Male) |
| 17:15 | Build | Farm |
| 17:15 | Build | Farm |
| 17:15 | Build | Farm |
| 17:15 | Build | Farm |
| 17:16 | Build | Farm |
| 17:16 | Build | Farm |
| 17:16 | Build | Farm |
| 17:16 | Build | Farm |
| 17:16 | Build | Farm |
| 17:28 | Create | Archer |
| 17:28 | Create | Archer |
| 17:41 | Build | Farm |
Match timeline
| 4:56 | Saturno 1343 · wall_segment Palisade Wall x2 |
| 4:57 | Saturno 1343 · wall_segment Palisade Wall x1 |
| 8:01 | dogus.isik · wall_segment Palisade Wall x1 |
| 8:10 | XGFC · first_building Barracks |
| 8:41 | Saturno 1343 · first_building Barracks |
| 8:41 | dogus.isik · first_building Barracks |
| 8:46 | VIOLENTO#TEAM_AGE · first_building Barracks |
| 8:49 | birri tilin · first_building Barracks |
| 8:53 | 叽里咕噜说啥呢 · first_building Barracks |
| 9:27 | Saturno 1343 · first_building Stable |
| 9:31 | YOUKO63 · wall_segment Palisade Wall x16 |
| 9:37 | VIOLENTO#TEAM_AGE · age_up feudal |
| 9:39 | VIOLENTO#TEAM_AGE · first_building Archery Range |
| 9:52 | XGFC · age_up feudal |
| 9:53 | birri tilin · first_building Archery Range |
| 9:57 | birri tilin · wall_segment Palisade Wall x9 |
| 10:00 | XGFC · first_building Stable |
| 10:06 | DreamDealer · wall_segment Palisade Wall x12 |
| 10:08 | DreamDealer · wall_segment Palisade Wall x13 |
| 10:26 | birri tilin · wall_segment Palisade Wall x1 |
| 10:27 | birri tilin · wall_segment Palisade Wall x1 |
| 10:29 | DreamDealer · wall_segment Palisade Wall x8 |
| 10:36 | dogus.isik · age_up feudal |
| 10:51 | dogus.isik · first_building Stable |
| 10:55 | 叽里咕噜说啥呢 · age_up feudal |
| 11:00 | DreamDealer · wall_segment Palisade Wall x10 |
| 11:06 | birri tilin · wall_segment Palisade Wall x3 |
| 11:08 | birri tilin · wall_segment Palisade Wall x1 |
| 11:39 | DreamDealer · age_up feudal |
| 11:49 | birri tilin · wall_segment Palisade Wall x1 |
| 11:54 | YOUKO63 · wall_segment Palisade Wall x5 |
| 12:04 | DreamDealer · first_building Barracks |
| 12:07 | YOUKO63 · wall_segment Palisade Wall x1 |
| 12:19 | YOUKO63 · first_building Barracks |
| 12:39 | birri tilin · wall_segment Palisade Wall x4 |
| 12:43 | YOUKO63 · wall_segment Palisade Wall x2 |
| 12:46 | YOUKO63 · wall_segment Palisade Wall x2 |
| 12:47 | DreamDealer · first_building Archery Range |
| 12:47 | YOUKO63 · wall_segment Palisade Wall x1 |
| 12:48 | YOUKO63 · wall_segment Palisade Wall x1 |
| 12:52 | Saturno 1343 · wall_segment Palisade Wall x10 |
| 12:56 | Saturno 1343 · wall_segment Palisade Wall x3 |
| 13:01 | YOUKO63 · wall_segment Palisade Wall x6 |
| 13:05 | DreamDealer · first_building Stable |
| 13:18 | YOUKO63 · wall_segment Palisade Wall x4 |
| 13:21 | YOUKO63 · wall_segment Palisade Wall x5 |
| 13:58 | Saturno 1343 · wall_segment Palisade Wall x1 |
| 14:03 | Saturno 1343 · wall_segment Palisade Wall x1 |
| 14:17 | Saturno 1343 · wall_segment Palisade Wall x1 |
| 14:19 | Saturno 1343 · wall_segment Palisade Wall x1 |
| 14:28 | 叽里咕噜说啥呢 · first_market_buy 100 wood |
| 14:34 | 叽里咕噜说啥呢 · first_building Archery Range |
| 14:53 | birri tilin · wall_segment Palisade Wall x5 |
| 15:04 | Saturno 1343 · wall_segment Palisade Wall x1 |
| 15:06 | Saturno 1343 · wall_segment Palisade Wall x4 |
| 15:20 | Saturno 1343 · wall_segment Palisade Wall x1 |
| 15:35 | VIOLENTO#TEAM_AGE · wall_segment Palisade Wall x11 |
| 15:46 | VIOLENTO#TEAM_AGE · wall_segment Palisade Wall x6 |
| 16:07 | DreamDealer · wall_segment Palisade Wall x1 |
| 16:11 | DreamDealer · wall_segment Palisade Wall x13 |
| 16:20 | Saturno 1343 · wall_segment Palisade Wall x2 |
| 16:24 | Saturno 1343 · wall_segment Palisade Wall x9 |
| 16:24 | Saturno 1343 · wall_segment Palisade Wall x1 |
| 16:58 | YOUKO63 · first_building Stable |
| 17:30 | VIOLENTO#TEAM_AGE · wall_segment Palisade Wall x1 |
| 17:36 | VIOLENTO#TEAM_AGE · wall_segment Palisade Wall x11 |
| 18:51 | dogus.isik · wall_segment Palisade Wall x16 |
| 18:52 | birri tilin · wall_segment Palisade Wall x1 |
| 19:03 | VIOLENTO#TEAM_AGE · wall_segment Palisade Wall x6 |
| 19:28 | dogus.isik · wall_segment Palisade Wall x1 |
| 19:45 | YOUKO63 · first_market_buy 100 stone |
| 19:58 | YOUKO63 · first_building Castle |
| 20:00 | dogus.isik · wall_segment Palisade Wall x1 |
| 20:22 | YOUKO63 · first_market_sell 100 wood |
| 20:24 | XGFC · first_market_buy 100 food |
| 20:27 | birri tilin · first_market_buy 100 food |
| 20:47 | Saturno 1343 · wall_segment Palisade Wall x3 |
| 21:08 | dogus.isik · first_market_sell 100 food |
| 22:21 | VIOLENTO#TEAM_AGE · first_market_sell 100 wood |
| 22:24 | VIOLENTO#TEAM_AGE · first_market_buy 100 food |
| 22:28 | YOUKO63 · first_building Siege Workshop |
| 22:52 | dogus.isik · first_market_buy 100 stone |
| 23:02 | DreamDealer · age_up castle |
| 23:19 | XGFC · age_up castle |
| 23:39 | XGFC · first_building Monastery |
| 23:44 | 叽里咕噜说啥呢 · age_up castle |
| 23:52 | dogus.isik · age_up castle |
| 23:54 | birri tilin · first_market_sell 100 wood |
| 24:51 | XGFC · first_market_sell 100 wood |
| 24:57 | DreamDealer · first_building Siege Workshop |
| 25:20 | VIOLENTO#TEAM_AGE · age_up castle |
| 25:46 | 叽里咕噜说啥呢 · first_building Castle |
| 26:18 | dogus.isik · first_building Siege Workshop |
| 29:35 | dogus.isik · resign |
| 31:16 | VIOLENTO#TEAM_AGE · first_building Castle |
| 31:22 | DreamDealer · first_building Castle |
[ AI ANALYSIS · 1 CREDIT ]
What really happened in this match?
Wolo.gg analyzes every decision: build order, eco, micro, common mistakes by bracket. Personalized analysis on WhatsApp or Discord in 30 seconds.
Civ guide
Malay
Map guide
Arabia
Perfil
Jugador #5284489